 Dungeon Crawl Stone Soup version 0.18.1-48-g4cf74bf (webtiles) character file.

6955 Gargoyl the Protected (level 10, -22/80 HPs)
             Began as a Demonspawn Abyssal Knight on Sept 8, 2016.
             Was a High Priest of Lugonu.
             Killed from afar by an ogre mage (33 damage)
             ... with a bolt of cold
             ... in a volcano.
             The game lasted 00:25:48 (11656 turns).

Gargoyl the Protected (Demonspawn Abyssal Knight)  Turns: 11656, Time: 00:25:48

Health: -22/80     AC: 19    Str: 16    XL:     10   Next: 80%
Magic:  16/21      EV: 13    Int: 13    God:    Lugonu [*****.]
Gold:   658        SH: 15    Dex: 24    Spells: 0 memorised, 9 levels left

rFire  . . .     SeeInvis .     I - +7 broad axe "Pendulum" {chop, MP+9 Dex+3 Stlth+}
rCold  . . .     Gourm    .     o - +1 plate armour
rNeg   . . .     Faith    .     j - +2 large shield
rPois  +         Spirit   .     (no helmet)
rElec  .         Dismiss  .     w - +2 cloak
rCorr  .         Reflect  .     (no gloves)
SustAt .         Harm     .     (no boots)
MR     +....                    (no amulet)
Stlth  ..........               h - ring of the Spinneret {rPois EV+3}
                                f - +3 ring of dexterity

@: agile, very slightly contaminated, somewhat resistant to hostile
enchantments, extremely unstealthy
A: claws 2, demonic guardian 1, magic resistance 1, sturdy frame 2
a: Depart the Abyss, Bend Space, Banish, Corrupt, Enter the Abyss, Renounce
Religion


You were in a volcano.
You worshipped Lugonu.
Lugonu was extremely pleased with you.
You were very hungry.

You visited 2 branches of the dungeon, and saw 11 of its levels.
You visited the Abyss 1 time.
You also visited: Volcano.

You collected 658 gold pieces.

Inventory:

Hand Weapons
 a - a +1 hand axe
 k - a +1 battleaxe
 p - a +6 battleaxe
 E - a +0 war axe
 I - the +7 broad axe "Pendulum" (weapon) {chop, MP+9 Dex+3 Stlth+}
   (You found it on level 10 of the Dungeon)

   It inflicts extra damage upon your enemies.
   It affects your dexterity (+3).
   It affects your magic capacity (+9).
   It makes you more stealthy.
Missiles
 r - 8 javelins (quivered)
Armour
 j - a +2 large shield (worn)
 o - a +1 plate armour (worn)
 w - a +2 cloak (worn)
Jewellery
 f - a +3 ring of dexterity (left claw)
 h - the ring of the Spinneret (right claw) {rPois EV+3}
   (You found it on level 4 of the Dungeon)

   [ring of evasion]

   It affects your evasion (+3).
   It protects you from poison.
 q - an uncursed ring of protection from cold
 y - an uncursed ring of see invisible
 C - an uncursed ring of protection from fire
 G - an uncursed ring of protection from magic
 M - an uncursed ring of protection from magic
Wands
 x - a wand of confusion (3/48)
 A - a wand of enslavement (13/24)
 N - a wand of confusion (22/48)
Scrolls
 d - 2 scrolls of recharging
 i - 2 scrolls of teleportation
 n - a scroll of remove curse
 v - 4 scrolls of amnesia
 J - 2 scrolls of fog
Potions
 b - a potion of magic
 e - a potion of might
 z - a potion of resistance
 D - a potion of haste
Books
 L - a book of Misfortune

   Spells                             Type                      Level
   a - Confusing Touch                Hexes                        2
   b - Confuse                        Hexes                        3
   c - Gell's Gravitas                Hexes/Translocation          3
   d - Petrify                        Transmutation/Earth          4
   e - Metabolic Englaciation         Hexes/Ice                    5
   f - Yara's Violent Unravelling     Hexes/Transmutation          5
Comestibles
 c - 4 bread rations
 l - 2 royal jellies
 m - 2 slices of pizza
 s - 9 fruits
 t - 3 beef jerkies
 u - 6 meat rations


   Skills:
 + Level 8.0 Fighting
 + Level 8.2 Axes
 + Level 1.0 Throwing
 * Level 10.0 Armour
 + Level 3.1 Dodging
 + Level 2.8 Stealth
 + Level 2.0 Shields
 + Level 2.9 Invocations


You had 9 spell levels left.
You didn't know any spells.

Dungeon Overview and Level Annotations

Branches:
Dungeon (10/15)            Temple (0/1) D:7            Lair (1/8) D:9
    Orc (0/2) D:9

Altars:
Dithmenos
Fedhas
Kikubaaqudgha
Nemelex Xobeh
Ru
Sif Muna
Trog
Yredelemnul
The Shining One

Portals:
Ice
Cave: Lair:1


Innate Abilities, Weirdness & Mutations

You have very sharp fingernails.
A weak demonic guardian rushes to your aid.
Your movements are less encumbered by armour (ER -4).
You are resistant to hostile enchantments.


Message History

Aim: an ogre mage, wielding a spear of flaming and wearing a robe of fire resistance (severely wounded, chance to defeat MR: 32%)
The ogre mage easily resists.
You are feeling very hungry.
The ogre mage casts a spell at you. The bolt of cold misses you.
You slice the hill giant!!
You kill the hill giant!
Lugonu accepts your kill.
Your Armour skill increases to level 10!
Your Shields skill increases to level 2!
The ogre mage casts a spell at you. You block the crystal spear.
You block the ogre mage's attack.
Things that are here:
a giant club of flaming; a hill giant corpse You slash the ogre mage!
The ogre mage is almost dead.
The ogre mage points at you and mumbles some strange words.
The bolt of cold hits you!
You die...

# ## # #
#####§######### #
.###...§...§..§...##
.......§≈≈≈≈≈§§....
###....§≈≈≈≈§§§≈≈...
#....§§≈§≈§≈§§§§≈≈..
##5@O§≈§≈§≈§≈≈≈≈§...
#....§§§≈§≈§§≈≈≈....
##....§≈≈≈§≈≈≈§≈...#
###.....≈§§§≈§...## ###
##.#........§....#
##≈≈##.###..###..##...#
#≈≈≈≈.## #### #######.#
##§≈≈.C## ##.##
#§§≈≈§O.# #.####


You could see an ogre mage and a friendly white imp.

Vanquished Creatures
  A hill giant (Volcano)
  Joseph (D:9)
  Psyche (D:9)
  A spiny frog (Lair:1)
  A troll (D:9)
  A two-headed ogre (Volcano)
  Prince Ribbit (D:5)
  Sigmund (D:6)
  Eustachio (D:5)
  A hippogriff (D:8)
  The ghost of Avecon the Skirmisher, an amateur DsBe of Trog (D:3)
  A porcupine (Lair:1)
  8 orc warriors
  3 ice beasts
  2 black bears
  5 ogres
  2 phantoms (D:10)
  A centaur (D:7)
  A wolf (D:9)
  A big kobold (D:10)
  3 giant frogs
  2 scorpions
  9 killer bees
  2 jellies
  8 wights
  3 electric eels (D:9)
  A howler monkey (D:8)
  8 crimson imps
  A giant frog zombie (D:7)
  10 hounds
  A quasit (D:8)
  2 centaur skeletons
  3 orc priests
  2 iguanas
  4 orc wizards
  4 worker ants (D:5)
  2 hound skeletons
  A worker ant zombie (D:10)
  A howler monkey zombie (D:7)
  A howler monkey skeleton (D:9)
  8 adders
  A shadow imp (D:5)
  An ooze (D:5)
  3 adder skeletons
  A worm (D:2)
  2 dart slugs (D:1)
  3 giant geckos
  40 orcs
  7 giant cockroaches
  10 goblins
  4 hobgoblins
  11 jackals
  8 kobolds
  3 quokkas
  10 bats
  6 giant newts
  A goblin skeleton (D:7)
  2 goblin zombies (D:7)
  4 hobgoblin zombies (D:7)
  2 jackal skeletons (D:4)
  A jackal zombie (D:8)
  3 kobold skeletons (D:7)
  A kobold zombie (D:7)
  An orc skeleton (D:7)
  An orc zombie (D:7)
  5 rats
242 creatures vanquished.

Vanquished Creatures (collateral kills)
  A hippogriff (D:10)
  An ogre (D:8)
  A killer bee (D:7)
  Terence (D:2)
  3 orcs
  A hobgoblin (D:2)
8 creatures vanquished.

Vanquished Creatures (others)
  A human (D:4)
  An orc wizard (D:5)
2 creatures vanquished.

Grand Total: 252 creatures vanquished

Notes
Turn   | Place    | Note
--------------------------------------------------------------
     0 | Abyss:1  | Gargoyl the Demonspawn Abyssal Knight began the quest for the Orb.
     0 | Abyss:1  | Reached XP level 1. HP: 18/18 MP: 2/2
    54 | Abyss:2  | Noticed a bone dragon
    54 | D:1      | Escaped the Abyss
    72 | D:1      | Noticed a black mamba
    72 | D:1      | Noticed a polar bear
    73 | D:1      | Noticed a swamp drake
    73 | D:1      | Noticed a swamp worm
   312 | D:1      | Gained mutation: A weak demonic guardian rushes to your aid. [demonic ancestry]
   312 | D:1      | Reached XP level 2. HP: 22/24 MP: 3/3
   325 | D:1      | Reached skill level 2 in Armour
   343 | D:1      | Reached * piety under Lugonu
  1209 | D:2      | Noticed Terence
  1219 | D:2      | Reached skill level 1 in Dodging
  1227 | D:2      | Gained mutation: You have sharp fingernails. [demonic ancestry]
  1227 | D:2      | Reached XP level 3. HP: 16/29 MP: 4/4
  1230 | D:2      | Killed Terence
  1453 | D:2      | Found a deep blue altar of Sif Muna.
  1865 | D:2      | Found a shadowy altar of Dithmenos.
  2041 | D:2      | Reached XP level 4. HP: 36/37 MP: 5/5
  2154 | D:2      | Found a basalt altar of Yredelemnul.
  2310 | D:3      | Noticed Avecon's ghost (amateur DsBe)
  2338 | D:3      | Killed Avecon's ghost
  2338 | D:3      | Reached ** piety under Lugonu
  2338 | D:3      | Reached skill level 3 in Armour
  2338 | D:3      | Reached XP level 5. HP: 24/42 MP: 6/6
  2514 | D:3      | Found a bloodstained altar of Trog.
  2514 | D:3      | Found a sacrificial altar of Ru.
  3376 | D:4      | Noticed an ogre
  3382 | D:4      | Killed an ogre
  3382 | D:4      | Gained mutation: Your movements are slightly less encumbered by armour (ER -2). [demonic ancestry]
  3382 | D:4      | Reached XP level 6. HP: 48/48 MP: 7/7
  3430 | D:4      | Reached skill level 4 in Armour
  3770 | D:4      | Got a fine amber ring
  3771 | D:4      | Identified the ring of the Spinneret {rPois EV+3} (You found it on level 4 of the Dungeon)
  3919 | D:4      | Found an ancient bone altar of Kikubaaqudgha.
  3925 | D:4      | Noticed a human
  3927 | D:4      | Killed a human
  4052 | D:5      | Entered Level 5 of the Dungeon
  4275 | D:5      | Reached skill level 5 in Armour
  4275 | D:5      | Gained mutation: Your movements are less encumbered by armour (ER -4). [demonic ancestry]
  4275 | D:5      | Reached XP level 7. HP: 19/55 MP: 8/8
  4964 | D:5      | Reached *** piety under Lugonu
  5175 | D:5      | Reached skill level 6 in Armour
  5209 | D:5      | Noticed Eustachio
  5223 | D:5      | Killed Eustachio
  5223 | D:5      | Reached skill level 1 in Stealth
  5223 | D:5      | Reached XP level 8. HP: 55/61 MP: 9/9
  5323 | D:5      | Noticed Prince Ribbit
  5607 | D:5      | Killed Prince Ribbit
  5607 | D:5      | Reached skill level 5 in Fighting
  5895 | D:6      | Noticed Sigmund
  5901 | D:6      | Killed Sigmund
  5929 | D:6      | Found a deep blue altar of Sif Muna.
  6254 | D:6      | Found a sparkling altar of Nemelex Xobeh.
  6312 | D:6      | Reached skill level 5 in Axes
  6618 | D:7      | Found a glowing golden altar of the Shining One.
  6620 | D:7      | Reached skill level 7 in Armour
  6636 | D:7      | Reached **** piety under Lugonu
  6744 | D:7      | Reached XP level 9. HP: 62/69 MP: 10/10
  6812 | D:7      | Found a staircase to the Ecumenical Temple.
  7101 | D:7      | Found a blossoming altar of Fedhas.
  7429 | D:7      | Gained mutation: You have a pair of small antennae on your head. [potion of mutation]
  7429 | D:7      | Gained mutation: You tend to lose your temper in combat. [potion of mutation]
  7826 | D:7      | Reached skill level 8 in Armour
  7982 | D:8      | Gained mutation: You are robust (+10% HP). [potion of mutation]
  8272 | D:8      | Reached ***** piety under Lugonu
  8587 | D:9      | Noticed Psyche
  8599 | D:9      | Killed Psyche
  8941 | D:9      | HP: 3/79 [orc priest/divine providence (16)]
  8980 | D:10     | Entered Level 10 of the Dungeon
  9278 | D:9      | Gained mutation: You have very sharp fingernails. [demonic ancestry]
  9278 | D:9      | Reached XP level 10. HP: 86/86 MP: 11/11
  9436 | D:9      | Found a staircase to the Orcish Mines.
  9504 | D:9      | Noticed Joseph
  9505 | D:9      | Found a staircase to the Lair.
  9723 | D:9      | Reached skill level 9 in Armour
  9780 | D:9      | Killed Joseph
 10700 | D:10     | Got a faintly glowing broad axe
 10701 | D:10     | Identified the +7 broad axe "Pendulum" {chop, MP+9 Dex+3 Stlth+} (You found it on level 10 of the Dungeon)
 10966 | D:10     | Gained mutation: You are resistant to hostile enchantments. [potion of mutation]
 10966 | D:10     | Gained mutation: Scrolls take you a little longer to read. [potion of mutation]
 10966 | D:10     | Lost mutation: You are robust (+10% HP). [potion of mutation]
 10973 | D:10     | Lost mutation: Scrolls take you a little longer to read. [potion of cure mutation]
 10973 | D:10     | Lost mutation: You tend to lose your temper in combat. [potion of cure mutation]
 10973 | D:10     | Lost mutation: You have a pair of small antennae on your head. [potion of cure mutation]
 11407 | Lair:1   | Entered Level 1 of the Lair of Beasts
 11463 | Lair:1   | Found a frozen archway.
 11493 | Lair:1   | Noticed a spiny frog
 11500 | Lair:1   | Killed a spiny frog
 11500 | Lair:1   | Reached skill level 1 in Throwing
 11500 | Lair:1   | Reached skill level 1 in Shields
 11515 | Lair:1   | Found a dark tunnel.
 11522 | Volcano  | Entered a volcano
 11617 | Volcano  | Noticed an ogre mage
 11618 | Volcano  | Noticed a hill giant
 11654 | Volcano  | Killed a hill giant
 11654 | Volcano  | Reached skill level 10 in Armour
 11656 | Volcano  | Killed from afar by an ogre mage

Skill      XL: |  1  2  3  4  5  6  7  8  9 10 |
---------------+-------------------------------+-----
Axes           | 2 3 4 5 7 8 |  8.2
Armour         | 2 3 5 6 7 8 10 | 10.0
Dodging        | 1 2 3 |  3.1
Fighting       | 4 6 7 8 |  8.0
Stealth        | 1 2 |  2.8
Throwing       | 1 |  1.0
Shields        | 2 |  2.0
Invocations    | |  2.9

Action                   |  1- 3 |  4- 6 |  7- 9 | 10-12 || total
-------------------------+-------+-------+-------+-------++-------
Melee: Hand axe          |   103 |   221 |    41 |       ||   365
       Battleaxe         |       |       |   283 |    91 ||   374
       Broad axe         |       |       |       |    96 ||    96
Throw: Javelin           |       |       |     2 |     3 ||     5
Invok: Depart the Abyss  |     1 |       |       |       ||     1
       Bend Space        |       |       |       |     1 ||     1
       Banish            |       |       |       |     1 ||     1
  Use: Potion            |     2 |     4 |     9 |     5 ||    20
       Scroll            |       |    10 |    13 |     9 ||    32
 Stab: Distracted        |     1 |     1 |     3 |     3 ||     8
  Eat: Chunk             |     4 |     7 |    17 |     7 ||    35
       Pizza             |       |       |       |     1 ||     1
Armor: Ring mail         |    22 |       |       |       ||    22
       Skin              |    36 |       |       |       ||    36
       Chain mail        |    14 |       |       |       ||    14
       Plate armour      |    10 |   153 |   245 |   114 ||   522
Dodge: Dodged            |    62 |    92 |   320 |    97 ||   571
Block: Large shield      |       |       |       |    56 ||    56
